 Dungeon Crawl Stone Soup version 0.26.1-11-gd32895ea62 (webtiles) character file.

Game seed: 2532206316523239529

756 buriedalive the Chiller (level 7, 0/36 HPs)
             Began as a Deep Elf Ice Elementalist on June 4, 2021.
             Shot with an arrow by a centaur (7 damage)
             ... on level 5 of the Dungeon.
             The game lasted 00:12:43 (8093 turns).

buriedalive the Chiller (Deep Elf Ice Elementalist) Turns: 8093, Time: 00:12:43

Health: 0/36       AC:  3    Str:  5    XL:     7   Next: 50%
Magic:  8/13       EV: 18    Int: 22    God:
Gold:   252        SH:  5    Dex: 21    Spells: 1/12 levels left

rFire    . . .     SeeInvis .   t - +3 short sword (venom)
rCold    . . .     Faith    .   (no shield)
rNeg     . . .     Spirit   .   a - +0 robe
rPois    .         Reflect  +   (no helmet)
rElec    .         Harm     .   (no cloak)
rCorr    +         Rampage  .   (no gloves)
Will     .....                  p - +0 pair of boots
Stlth    ++........             n - amulet of reflection
HPRegen  0.12/turn              c - ring of resist corrosion
MPRegen  0.13/turn              v - +6 ring of dexterity

@: no status effects
A: no striking features
a: no special abilities


You were on level 5 of the Dungeon.
You visited 1 branch of the dungeon, and saw 5 of its levels.

You collected 252 gold pieces.

Inventory:

Hand Weapons
 e - a +0 dagger
 t - a +3 short sword of venom (weapon)
Missiles
 d - 196 stones
 u - 18 poisoned darts
Armour
 a - a +0 robe (worn)
 p - a +0 pair of boots (worn)
Magical Staves
 f - an uncursed staff of death
 w - an uncursed staff of poison
Jewellery
 c - a ring of resist corrosion (left hand)
 n - an amulet of reflection (around neck)
 v - a +6 ring of dexterity (right hand)
 x - an uncursed ring of protection from cold {unknown}
Scrolls
 b - a scroll of magic mapping
 i - 4 scrolls of teleportation
 j - 3 scrolls of fear
 k - 3 scrolls of remove curse
 q - a scroll of enchant weapon
 y - a scroll of blinking
Potions
 g - 4 potions of curing
 h - 4 potions of lignification
 m - 4 potions of attraction
 o - 3 potions of heal wounds {unknown}
 s - 2 potions of haste {unknown}


   Skills:
 + Level 7.4 Dodging
 - Level 2.4 Stealth
 - Level 3.0 Spellcasting
 + Level 7.9 Ice Magic


You had one spell level left.
You knew the following spells:

 Your Spells              Type           Power        Failure   Level
a - Freeze                Ice            100%         1%          1
b - Frozen Ramparts       Ice            76%          1%          3
c - Ozocubu's Armour      Ice            38%          1%          3
d - Hailstorm             Conj/Ice       20%          24%         4

Your spell library contained the following spells:

 Spells                   Type           Power        Failure   Level
 Summon Ice Beast         Ice/Summ       20%          24%         4


Dungeon Overview and Level Annotations

Branches:
Dungeon (5/15)
 Temple: D:4-7

Altars:
Cheibriados
Elyvilon
Gozag
Trog
Wu Jian
The Shining One


Message History

You hit the white imp.
The white imp is poisoned.
The white imp is almost dead.
The centaur shoots an arrow.
The arrow hits you.
* * * LOW HITPOINT WARNING * * *
The white imp completely resists.
The wall freezes the white imp but does no damage.
The white imp barely misses you.
The centaur shoots an arrow.
The arrow completely misses you.
You hit the white imp.
You kill the white imp!
The centaur shoots an arrow.
The arrow misses you.
Unknown command.
Your icy armour and frozen ramparts will break if you move.
Continue?
Okay, then.
You aren't carrying any items that you can evoke.
Your icy armour and frozen ramparts will break if you move.
Continue?
Your icy armour cracks and falls away as you move.
The frozen ramparts melt away as you move.
The centaur shoots an arrow.
The arrow hits you!
You die...

*,**,,,,,,,,>,,,* *,* #
*,,,,,,,****#**,****** *,* ##
,,,,,,,,,*###..,,,,,,* *,*##.
******,*,*#.....****,*******,*#..
****,*.##.#..$,,,,,,,,,,,...##.
*,,,,*,......###****,****#.....
*,****###.#....#,,,,,,,,,^.....
*,,,,*,......#.#,***,****#.....
****,*,*#.#..#@#.###.* #..Z..
*,*,*#.(.((...c...# #.....
*,,>*###..#?#.###.#***#..##.
***** #..#.#.#*,,,,,,......
#..#.#,#*,,**#.#.,##.
#..#.#.##.,###.#,,*#.
##........,#....,,*#.
#.###.###*#.#..,,*## #.# #.#
#.#.#***


You could see a centaur.

Vanquished Creatures
  A phantom (D:5)
  2 ogres (D:5)
  A centaur (D:4)
  2 scorpions
  An orc wizard (D:4)
  2 orc priests
  A hound skeleton (D:5)
  6 adders
  A shadow imp (D:4)
  A white imp (D:5)
  An ooze (D:2)
  An adder skeleton (D:4)
  6 worms
  5 dart slugs
  4 leopard geckos
  17 orcs
  5 giant cockroaches
  8 goblins
  7 hobgoblins
  3 jackals (D:3)
  2 quokkas
  3 ball pythons
  9 bats
  5 frilled lizards
  A giant cockroach zombie (D:5)
  A jackal zombie (D:5)
  9 kobolds
  A quokka skeleton (D:5)
  15 rats
121 creatures vanquished.

Notes
Turn   | Place    | Note
-------+----------+-------------------------------------------
     0 | D:1      | buriedalive the Deep Elf Ice Elementalist began the quest
                  | for the Orb.
     0 | D:1      | Reached XP level 1. HP: 10/10 MP: 6/6
   204 | D:1      | Found a snail-covered altar of Cheibriados.
   330 | D:1      | Reached XP level 2. HP: 15/15 MP: 8/8
   690 | D:1      | Reached skill level 5 in Ice Magic
   690 | D:1      | Reached XP level 3. HP: 13/19 MP: 5/9
  2292 | D:2      | Reached XP level 4. HP: 17/24 MP: 8/10
  2541 | D:2      | Found an opulent altar of Gozag.
  4076 | D:3      | Reached XP level 5. HP: 15/28 MP: 2/11
  4878 | D:4      | Found a bloodstained altar of Trog.
  4917 | D:4      | Reached skill level 5 in Dodging
  5275 | D:4      | Reached XP level 6. HP: 23/32 MP: 9/12
  5344 | D:4      | Learned a level 3 spell: Frozen Ramparts
  5349 | D:4      | Learned a level 4 spell: Hailstorm
  5353 | D:4      | Learned a level 3 spell: Ozocubu's Armour
  5612 | D:4      | Found an ornate altar of the Wu Jian Council.
  5634 | D:4      | Found a white marble altar of Elyvilon.
  5708 | D:4      | Found a glowing golden altar of the Shining One.
  6195 | D:5      | Entered Level 5 of the Dungeon
  6195 | D:5      | Noticed a sky beast
  7708 | D:5      | Reached XP level 7. HP: 25/36 MP: 13/13
  8093 | D:5      | Shot with an arrow by a centaur

Illustrated notes

Levels and vault maps discovered:
D:1:      elethiomel_arrival_shortcut, layout_loops_cross,
          minmay_misc_feat_room, st_stairs_2, cheibriados_altar_1
D:2:      layout_basic, serial_aquarium, aquarium_bridge_square
          [aquarium_subvault_window, aquarium_subvault_bridge,
          aquarium_subvault_bridge, aquarium_subvault_wall],
          aquarium_bridge_straight [aquarium_subvault_bridge,
          aquarium_subvault_wall, aquarium_subvault_bridge,
          aquarium_subvault_window], aquarium_window_2, aquarium_window_2,
          aquarium_window_1, aquarium_view_2e, aquarium_pool_side,
          grunt_gozag_statues
D:3:      layout_rooms, minmay_hedge_maze, bh_walls_and_bars
D:4:      layout_basic, kennysheep_mini, lemuel_doored_altar, elyvilon_altar_5,
          lemuel_round_altar, portal_sewer_entry_a
D:5:      layout_loops_ring, doesnt_xom_only_xom

Skill      XL: |  1  2  3  4  5  6  7 |
---------------+----------------------+-----
Dodging        | 3 4 5 6 7 |  7.4
Ice Magic      | 5 6 7 |  7.9
Stealth        | |  2.4
Spellcasting   | |  3.0

Action                   |  1- 3 |  4- 6 |  7- 9 || total
-------------------------+-------+-------+-------++-------
Melee: Unarmed           |     4 |       |       ||     4
       Dagger            |    29 |    47 |       ||    76
       Short sword       |       |    68 |    26 ||    94
 Cast: Freeze            |    59 |    96 |     1 ||   156
       Frozen Ramparts   |       |     6 |     3 ||     9
       Ozocubu's Armour  |       |     3 |     3 ||     6
  Use: Scroll            |       |    12 |       ||    12
       Potion            |       |       |     1 ||     1
 Stab: Sleeping          |    11 |     5 |       ||    16
       Distracted        |     1 |       |       ||     1
Armor: Robe              |    15 |    20 |     4 ||    39
Dodge: Dodged            |    50 |   136 |    29 ||   215
Block: Other             |       |     4 |    10 ||    14
       Reflection        |       |       |     1 ||     1
